 Dungeon Crawl Stone Soup version 0.16-a0-4097-gb4d75fa (webtiles) character file.

16457 Chiseanne the Carver (level 12, -1/86 HPs)
             Began as a Mummy Artificer on Feb 25, 2015.
             Was a High Priest of Nemelex Xobeh.
             Slain by an orc warrior
             ... wielding a +0 trident
              (7 damage)
             ... on level 4 of the Orcish Mines.
             The game lasted 01:12:05 (17414 turns).

Chiseanne the Carver (Mummy Artificer)             Turns: 17414, Time: 01:12:05

Health: -1/86      AC: 12    Str: 13    XL:     12   Next: 10%
Magic:  23/23      EV: 10    Int:  9    God:    Nemelex Xobeh [*****.]
Gold:   1230       SH:  8    Dex: 13    Spells: 0 memorised, 11 levels left

rFire  . . .     SeeInvis .     a - +8 demon blade "Leech" {vamp, rN+ AC-2 EV-2 Str-2 Int-2 Dex-2}
rCold  + . .     Clarity  .     v - +2 ring mail {rC+}
rNeg   + + +     SustAb   .     n - +2 buckler
rPois  ∞         Gourm    .     b - +1 helmet
rElec  .         Spirit   .     y - +0 cloak {MR+}
rCorr  .         Warding  .     f - +0 pair of gloves
rMut   .         Stasis   .     A - +0 pair of boots
MR     ++...                    (no amulet)
Stlth  +++.......               z - ring of fire
                                m - +2 ring of slaying

@: especially stealthy, very slightly contaminated, very resistant to hostile
enchantments, fairly stealthy
A: no food or potions, fire vulnerability, restore body, cold resistance 1,
negative energy resistance 3, poison resistance, torment resistance, unbreathing
a: Triple Draw, Deal Four, Stack Five, Renounce Religion


You were on level 4 of the Orcish Mines.
You worshipped Nemelex Xobeh.
Nemelex Xobeh was extremely pleased with you.
You were not hungry.

You visited 3 branches of the dungeon, and saw 15 of its levels.
You visited the Abyss 1 time.
You also visited: Ossuary and Bailey.

You collected 1990 gold pieces.
You spent 722 gold pieces at shops.

Inventory:

Hand weapons
 a - the +8 demon blade "Leech" (weapon) {vamp, rN+ AC-2 EV-2 Str-2 Int-2 Dex-2}
   (You found it on level 6 of the Dungeon)

   It inflicts no extra harm, but heals its wielder somewhat when it strikes a
   living foe.
   It affects your AC (-2).
   It affects your evasion (-2).
   It affects your strength (-2).
   It affects your intelligence (-2).
   It affects your dexterity (-2).
   It protects you from negative energy.
 d - a +0 flail of protection
 s - the +5 spear of the Depths {venom, rElec rN++ MR- MP+9 Dex-3}
   (You took it off a kobold in a bailey)

   It poisons the flesh of those it strikes.
   It affects your dexterity (-3).
   It insulates you from electricity.
   It greatly protects you from negative energy.
   It affects your resistance to hostile enchantments.
   It affects your magic capacity (+9).
Missiles
 e - 6 poisoned tomahawks (quivered)
Armour
 b - a +1 helmet (worn)
 f - a +0 pair of gloves (worn)
 n - a +2 buckler (worn)
 v - a +2 ring mail of cold resistance (worn)
 y - a +0 cloak of magic resistance (worn)
 A - a +0 pair of boots (worn)
Jewellery
 m - a +2 ring of slaying (left hand)
 u - an uncursed ring of ice
 w - an uncursed ring of see invisible
 z - a ring of fire (right hand)
Scrolls
 g - 4 scrolls of teleportation
 i - 2 scrolls of recharging
 o - 5 scrolls of remove curse
 t - 13 scrolls of identify
 x - a scroll of vulnerability
 C - 3 scrolls of fog
Miscellaneous
 k - a lamp of fire (inert)
 r - an ornate deck of destruction {drawn: 9} {god gift}
 D - an ornate deck of escape {drawn: 7} {god gift}
 I - an ornate deck of war {drawn: 4} {god gift}
 J - a plain deck of war {god gift}


   Skills:
 - Level 5.0 Fighting
   Level 0.7(6.2) Short Blades
 * Level 9.9 Long Blades
 - Level 5.1 Armour
 - Level 5.0 Dodging
 - Level 0.7 Stealth
 * Level 7.9 Shields
 * Level 8.4 Evocations


You had 11 spell levels left.
You didn't know any spells.

Dungeon Overview and Level Annotations

Branches:
Dungeon (10/15)            Temple (0/1) D:5            Lair (1/8) D:10
    Orc (4/4) D:10            Elf (0/3) Orc:3

Altars:
Cheibriados
Elyvilon
Gozag
Nemelex Xobeh
Okawaru
Ru
Yredelemnul
Zin
The Shining One

Shops:
D:4 *   D:5 (   Orc:2 %   Orc:4 **

Annotations:
Orc:2 1 exclusion


Innate Abilities, Weirdness & Mutations

You do not eat or drink.
Your flesh is vulnerable to fire.
Your flesh is cold resistant.
You are immune to negative energy.
Your system is resistant to poisons.
You are immune to unholy pain and torment.
You can survive without breathing.


Message History

The wolf's corpse disappears in a puff of smoke!
Read which item? (? for menu, Esc to quit)
As you read the scroll of fear, it crumbles to dust.
You assume a fearsome visage.
The tarantella looks frightened!
Evoke which item? (* to show all) (? for menu, Esc to quit)
You draw a card...
It is the Cloud.
Clouds appear around you!
The orc warrior shouts!
You hit the orc warrior.
You feel better.
The orc warrior is lightly wounded.
The orc warrior is engulfed in poison gas.
The orc warrior is poisoned.
The orc warrior hits you with a trident.
* * * LOW HITPOINT WARNING * * *
You slash the orc warrior!
You feel better.
The orc warrior is severely wounded.
The orc warrior is engulfed in poison gas.
The orc warrior looks even sicker.
The orc warrior hits you with a trident!
You die...
Your body glows with a rainbow of weird colours and disappears.

§o# #o.o###...............## §#
#4..###...............# #
##o4o###..............# #
##.#.###.............#
##.).###....).......# #
##.#.###.....).......# ##
##...###§§§..)........# .##
##...###.o.§....).....## ..##
##...###.@##..o........## .).##
##.).###..###............#
#§).###...###..###.............#
#§§..#....##..###..............#
#.#.....#.#..###...............#
##.....)....###................#
...#.#.#...###....)))..........#
#.........###.....))...........#
##..#.#..###...................#


You could see an orc warrior.

Vanquished Creatures
  An orc high priest (Orc:4)
  A soul eater (Orc:4)
  An unseen horror (D:10)
  An oklob plant (Lair:1)
  A sixfirhy (Orc:4)
  2 trolls (D:8)
  2 spiny frogs (Lair:1)
  15 orc warriors
  2 komodo dragons
  A blue devil (Orc:4)
  A polar bear (Lair:1)
  Grinder (D:6)
  Prince Ribbit (D:7)
  A two-headed ogre (D:8)
  The ghost of Shredu92 the Ducker, an average HuGl of Okawaru (D:4)
  A raven (Orc:4)
  2 wraiths (D:9)
  A trapdoor spider (Orc:4)
  A yak (Lair:1)
  A hungry ghost (D:8)
  A neqoxec (Orc:4)
  2 wargs (D:10)
  6 hippogriffs
  A wolf (Orc:4)
  2 porcupines
  An ice beast (D:7)
  10 ogres
  6 centaurs
  A necrophage (D:9)
  2 phantoms
  Sigmund (D:4)
  6 giant frogs
  2 elf zombies (Ossuary)
  2 big kobolds
  3 scorpions
  A troll zombie (D:9)
  A wight (D:9)
  4 killer bees (D:7)
  A goliath beetle (D:10)
  2 crimson imps
  4 human zombies (D:9)
  19 orc priests
  4 giant frog zombies
  9 hounds
  5 iguanas
  5 jellies
  A centaur skeleton (D:10)
  3 giant frog skeletons
  A human skeleton (D:9)
  19 orc wizards
  2 worker ants
  A killer bee zombie (D:7)
  2 big kobold zombies (Ossuary)
  Ijyb (D:2)
  2 hound skeletons
  4 mummies
  5 adders
  7 gnolls
  10 river rats
  A shadow imp (D:5)
  A giant mite (D:7)
  A worm (D:3)
  A giant eyeball (Orc:4)
  5 adder zombies
  2 giant geckos
  5 oozes (D:8)
  139 orcs
  2 ball pythons (D:3)
  5 giant cockroaches
  26 goblins
  16 hobgoblins
  2 jackals (D:7)
  3 quokkas
  14 bats
  7 giant newts
  A giant spore (D:7)
  2 goblin zombies
  12 hobgoblin zombies (Ossuary)
  2 jackal zombies (Ossuary)
  19 kobolds
  7 kobold zombies (Ossuary)
  2 orc skeletons
  8 orc zombies (Ossuary)
  11 rats
  13 ballistomycetes
  2 fungi (Lair:1)
  9 plants
515 creatures vanquished.

Vanquished Creatures (collateral kills)
  A centaur warrior (D:8)
  An ice devil (Orc:4)
  2 orc knights
  An orc sorcerer (Orc:4)
  A troll (D:8)
  A two-headed ogre (D:10)
  Eustachio (D:6)
  A chaos spawn (Orc:4)
  A vampire mosquito (Orc:1)
  10 orc warriors
  A sky beast (D:5)
  A big kobold (D:8)
  A giant frog (D:6)
  A killer bee (D:7)
  2 crimson imps (D:6)
  A goliath beetle (D:5)
  4 orc priests
  5 orc wizards (Orc:1)
  A worker ant (D:7)
  An adder (D:6)
  3 gnolls
  3 shadow imps
  An ufetubus (Abyss:1)
  A giant gecko (D:6)
  11 orcs
  5 hobgoblins
  A bat (D:6)
  A giant spore (D:6)
  3 goblins (Bailey)
  16 kobolds
  2 rats (D:6)
85 creatures vanquished.

Vanquished Creatures (others)
  2 centaur warriors (D:8)
  An ugly thing (Orc:4)
  A fire elemental (Orc:4)
  2 raiju (Orc:4)
  2 air elementals (Orc:4)
  A basilisk (Orc:4)
  A neqoxec (D:8)
  A water elemental (Orc:4)
  A mottled dragon (Orc:4)
  A vampire mosquito (Orc:1)
  An ice beast (Orc:4)
  3 centaurs
  2 orc warriors (Bailey)
  A jelly (D:10)
  An iguana (Lair:1)
  Robin (D:2)
  A hobgoblin (D:2)
  A bat (D:6)
  3 giant spores
  8 goblins (D:2)
  5 plants (D:10)
40 creatures vanquished.

Grand Total: 640 creatures vanquished

Notes
Turn   | Place    | Note
--------------------------------------------------------------
     0 | D:1      | Chiseanne, the Mummy Artificer, began the quest for the Orb.
     0 | D:1      | Reached XP level 1. HP: 15/15 MP: 1/1
   245 | D:1      | Found a sparkling altar of Nemelex Xobeh.
   249 | D:1      | Became a worshipper of Nemelex Xobeh the Trickster
   251 | D:1      | Received a gift from Nemelex Xobeh
   284 | D:1      | Reached XP level 2. HP: 15/21 MP: 2/2
   493 | D:1      | Received a gift from Nemelex Xobeh
  1395 | D:2      | Reached XP level 3. HP: 26/26 MP: 4/4
  1429 | D:2      | Noticed Ijyb
  1438 | D:2      | Killed Ijyb
  1438 | D:2      | Reached skill level 3 in Evocations
  1450 | D:2      | Found an iron altar of Okawaru.
  1498 | D:2      | Reached XP level 4. HP: 32/32 MP: 6/6
  1837 | D:2      | Noticed Robin
  1841 | D:2      | Killed Robin
  3034 | D:4      | Noticed Sigmund
  3039 | D:4      | Killed Sigmund
  3039 | D:4      | Reached skill level 1 in Shields
  3039 | D:4      | Reached XP level 5. HP: 19/37 MP: 8/8
  3193 | D:4      | Found Xoydyu's General Store.
  3206 | D:4      | Bought a scroll of blinking for 105 gold pieces
  3270 | D:4      | Noticed a phantom
  3285 | D:4      | Reached skill level 1 in Armour
  3304 | D:4      | Killed a phantom
  3354 | D:4      | Noticed Shredu92's ghost (average HuGl)
  3407 | D:4      | Killed Shredu92's ghost
  3407 | D:4      | Reached skill level 4 in Evocations
  3407 | D:4      | Reached XP level 6. HP: 38/44 MP: 10/10
  3824 | D:5      | Entered Level 5 of the Dungeon
  4087 | D:5      | Found an iron altar of Okawaru.
  4177 | D:5      | Found Haar's Weapon Boutique.
  4178 | D:5      | Found an opulent altar of Gozag.
  4225 | D:5      | Received a gift from Nemelex Xobeh
  4298 | D:5      | Reached XP level 7. HP: 48/50 MP: 12/12
  4746 | D:5      | Found a staircase to the Ecumenical Temple.
  4825 | D:5      | Found a snail-covered altar of Cheibriados.
  4943 | D:5      | Found a sacrificial altar of Ru.
  5054 | D:6      | Noticed Grinder
  5086 | D:6      | Killed Grinder
  5483 | D:6      | Reached XP level 8. HP: 39/57 MP: 14/14
  5520 | D:6      | Reached skill level 5 in Evocations
  5525 | D:6      | Found a sand-covered staircase.
  5537 | Ossuary  | Entered an ossuary
  6162 | D:6      | Received a gift from Nemelex Xobeh
  6304 | D:6      | Reached skill level 5 in Dodging
  6401 | D:6      | Noticed Eustachio
  6426 | D:6      | Killed Eustachio
  7588 | D:7      | Acquired Nemelex Xobeh's first power
  7588 | D:7      | Received a gift from Nemelex Xobeh
  7755 | D:7      | Found a white marble altar of Elyvilon.
  7778 | D:7      | Got a vibrating brass ring
  7786 | D:7      | Identified the ring "Baofoqer" {SustAb rPois rC- MR+} (You found it on level 7 of the Dungeon)
  7947 | D:7      | Reached XP level 9. HP: 66/66 MP: 17/17
  8042 | D:7      | Reached skill level 5 in Fighting
  8042 | D:7      | Reached skill level 5 in Armour
  8213 | D:7      | Noticed Prince Ribbit
  8228 | D:7      | HP: 3/68 [Prince Ribbit (14)]
  8237 | D:7      | Killed Prince Ribbit
  8237 | D:7      | Reached skill level 1 in Long Blades
  8641 | D:7      | Received a gift from Nemelex Xobeh
  9018 | D:8      | Reached skill level 6 in Evocations
  9045 | D:8      | Found a flagged portal.
  9061 | Bailey   | Entered a bailey
  9250 | Bailey   | Got a brightly glowing spear
  9543 | D:8      | Reached skill level 5 in Shields
  9543 | D:8      | Reached skill level 7 in Evocations
  9576 | D:8      | Identified the +5 spear of the Depths {venom, rElec rN++ MR- MP+9 Dex-3} (You took it off a kobold in a bailey)
  9682 | D:8      | Received a gift from Nemelex Xobeh
  9725 | D:8      | Reached XP level 10. HP: 74/74 MP: 20/20
 10459 | D:8      | Noticed a centaur warrior
 10473 | D:8      | Killed a centaur warrior
 10675 | D:8      | Noticed an orc knight
 10675 | D:8      | Noticed a centaur warrior
 10687 | D:8      | a centaur warrior (ally) was killed
 10688 | D:8      | a centaur warrior (ally) was killed
 10692 | D:8      | Killed an orc knight
 10692 | D:8      | Reached skill level 5 in Long Blades
 11098 | D:9      | Found a glowing silver altar of Zin.
 11208 | D:9      | Acquired Nemelex Xobeh's second power
 11615 | D:9      | Found a basalt altar of Yredelemnul.
 11798 | D:9      | Received a gift from Nemelex Xobeh
 11941 | D:10     | Entered Level 10 of the Dungeon
 12030 | D:10     | Found a staircase to the Orcish Mines.
 12046 | D:10     | Noticed an unseen horror
 12057 | D:10     | Killed an unseen horror
 12057 | D:10     | Reached XP level 11. HP: 79/79 MP: 22/22
 12658 | D:10     | Found a glowing golden altar of the Shining One.
 12838 | D:10     | Found a staircase to the Lair.
 13005 | Lair:1   | Entered Level 1 of the Lair of Beasts
 13077 | Lair:1   | Reached skill level 8 in Long Blades
 13305 | Lair:1   | Received a gift from Nemelex Xobeh
 13631 | Lair:1   | Got a brightly glowing hunting sling
 13635 | Lair:1   | Identified the +9 hunting sling of the Dungeon {freeze, rC+ MR- MP+9 Int+2} (You found it on level 1 of the Lair of Beasts)
 13852 | Orc:1    | Entered Level 1 of the Orcish Mines
 14549 | Orc:2    | Found Onustuk's Food Shoppe.
 14756 | Orc:1    | Received a gift from Nemelex Xobeh
 14863 | Orc:1    | Reached skill level 9 in Long Blades
 15183 | Orc:3    | Received a gift from Nemelex Xobeh
 15218 | Orc:3    | Acquired Nemelex Xobeh's third power
 15452 | Orc:3    | Found a staircase to the Elven Halls.
 15615 | Orc:4    | Entered Level 4 of the Orcish Mines
 15620 | Orc:4    | Received a gift from Nemelex Xobeh
 15994 | Orc:4    | Found Itutz's General Store.
 16171 | Orc:4    | Found Rolug's General Store.
 16176 | Orc:4    | Bought a scroll of blinking for 97 gold pieces
 16176 | Orc:4    | Bought a scroll of fear for 45 gold pieces
 16178 | Orc:4    | Bought a scroll of remove curse for 51 gold pieces
 16178 | Orc:4    | Bought a scroll of remove curse for 51 gold pieces
 16178 | Orc:4    | Bought a scroll of vulnerability for 127 gold pieces
 16178 | Orc:4    | Bought a +0 cloak of magic resistance for 195 gold pieces
 16178 | Orc:4    | Bought a scroll of remove curse for 51 gold pieces
 16301 | Orc:4    | Cast into the Abyss (drawing a card)
 16342 | Abyss:1  | Received a gift from Nemelex Xobeh
 16359 | Orc:4    | Escaped the Abyss
 17239 | Orc:4    | Reached XP level 12. HP: 86/86 MP: 23/23
 17254 | Orc:4    | Noticed a soul eater
 17257 | Orc:4    | Noticed an orc high priest
 17288 | Orc:4    | Killed an orc high priest
 17301 | Orc:4    | Killed a soul eater
 17403 | Orc:4    | HP: 2/86 [wolf[the player character] (6)]
 17413 | Orc:4    | HP: 4/86 [orc warrior/trident (2)]
 17414 | Orc:4    | Slain by an orc warrior

Action                   |  1- 3 |  4- 6 |  7- 9 | 10-12 || total
-------------------------+-------+-------+-------+-------++-------
Melee: Short sword       |    96 |    81 |       |       ||   177
       Hand axe          |       |    88 |   355 |       ||   443
       Demon blade       |       |       |   173 |   915 ||  1088
Throw: Tomahawk          |       |       |     4 |    23 ||    27
Evoke: Wand              |     5 |    34 |    34 |    23 ||    96
       Deck              |     1 |     6 |    30 |    54 ||    91
       Lamp of fire (ine |       |       |       |     1 ||     1
  Use: Scroll            |     5 |     3 |     9 |     7 ||    24
 Stab: Invisible         |       |       |       |     7 ||     7
       Distracted        |       |       |       |     3 ||     3
       Sleeping          |       |       |       |     1 ||     1
